 Dungeon Crawl Stone Soup version 0.27.0-65-ge2af304b15 (webtiles) character file.

Game seed: 12847164680414947832

115 jamesdean20 the Protected (level 5, -30/40 HPs)
             Began as a Gnoll Wanderer on Aug 19, 2021.
             Blown up by Ijyb (33 damage)
             ... with a mindburst bolt
             ... on level 3 of the Dungeon.
             The game lasted 00:12:29 (2294 turns).

jamesdean20 the Protected (Gnoll Wanderer)          Turns: 2294, Time: 00:12:30

Health: -30/40     AC:  7    Str: 15    XL:     5   Next: 0%
Magic:  6/6        EV: 10    Int: 10    God:
Gold:   97         SH:  0    Dex: 10    Spells: 6/6 levels left

rFire    + . .     SeeInvis .   a - +2 mace
rCold    + . .     Faith    .   (no shield)
rNeg     . . .     Spirit   .   b - +0 ring mail
rPois    .         Reflect  .   (no helmet)
rElec    .         Harm     .   e - scarf {rC+ rF+}
rCorr    .         Rampage  .   (no gloves)
Will     .....                  (no boots)
Stlth    +.........             (no amulet)
HPRegen  0.13/turn              (no ring)
MPRegen  0.10/turn              (no ring)

@: no status effects
A: fangs 1, strong nose, distributed training
a: no special abilities


You were on level 3 of the Dungeon.
You visited 1 branch of the dungeon, and saw 3 of its levels.

You collected 97 gold pieces.

Inventory:

Hand Weapons
 a - a +2 mace (weapon)
 l - a +1 short sword of draining
Missiles
 n - a throwing net (quivered)
Armour
 b - a +0 ring mail (worn)
 e - a scarf of resistance (worn)
Jewellery
 g - a ring of protection from cold
Scrolls
 c - a scroll of teleportation
 d - 2 scrolls of identify
 j - a scroll of enchant weapon
 k - a scroll of holy word
 m - a scroll of blinking
 o - a scroll of enchant armour {unknown}
Potions
 f - 2 potions of flight
 h - a potion of heal wounds
 i - 2 potions of resistance


   Skills:
 + Level 2.8 Fighting
 + Level 1.3 Short Blades
 + Level 1.3 Long Blades
 + Level 1.3 Axes
 + Level 4.7 Maces & Flails
 + Level 1.3 Polearms
 + Level 1.3 Staves
 + Level 1.3 Slings
 + Level 1.3 Bows
 + Level 1.3 Crossbows
 + Level 1.3 Throwing
 + Level 10.4 Armour
 + Level 1.3 Dodging
 + Level 1.3 Stealth
 + Level 2.8 Shields
 + Level 1.3 Unarmed Combat
 + Level 1.3 Spellcasting
 + Level 1.0 Conjurations
 + Level 1.0 Hexes
 + Level 1.0 Summonings
 + Level 1.0 Necromancy
 + Level 1.0 Translocations
 + Level 1.0 Transmutations
 + Level 1.0 Fire Magic
 + Level 1.0 Ice Magic
 + Level 1.0 Air Magic
 + Level 1.0 Earth Magic
 + Level 1.0 Poison Magic
 + Level 1.4 Invocations
 + Level 2.8 Evocations


You had 6 spell levels left.
You didn't know any spells.
Your spell library contained the following spells:

 Spells                   Type           Power      Damage    Failure   Level
 Sandblast                Erth           4%         2d4       36%         1
 Corpse Rot               Necr/Air       N/A        N/A       50%         2
 Passwall                 Tmut/Erth      1%         N/A       50%         2
 Poisonous Vapours        Pois/Air       4%         N/A       50%         2
 Freezing Cloud           Conj/Ice/Air   1%         6-21      100%        5
 Lee's Rapid Deconstruct  Erth           1%         3d5*      100%        5


Dungeon Overview and Level Annotations

Branches:
Dungeon (3/15)

Altars:

Annotations:
D:3 1 runed translucent door, Crazy Yiuf, Ijyb


Innate Abilities, Weirdness & Mutations

You have very sharp teeth.
Your uncanny sense of smell can sniff out nearby items.
Your experience applies equally to all skills.


Message History

Press: ? - help, Dir - move target
Okay, then.
You see here a +0 mace.
You see here a +0 mace.
You see here a ball python corpse.
A ball python comes into view.
The ball python hisses angrily.
The ball python bites you but does no damage.
The ball python grabs you. The ball python constricts you.
You hit the ball python.
You kill the ball python!
Found 3 scrolls of blinking.
You see here a ball python corpse.
A worm comes into view.
A bat comes into view.
Ijyb the Twisted Goblin comes into view.
She is wielding a +0 club and carrying a wand of mindburst (10).
Ijyb shouts!
The bat misses you.
Found two stone staircases leading down.
You hit the bat.
You kill the bat!
You have reached level 5!
Found two stone staircases leading up.
Ijyb zaps a wand.
Your mind is blasted!
You hit the worm. You bite the worm.
The worm is moderately wounded.
You completely miss the worm. Your bite misses the worm.
The worm is moderately wounded.
The worm bites you. Ijyb hits you but does no damage.
You closely miss Ijyb. You bite Ijyb, but do no damage. The worm misses you.
Ijyb hits you with a +0 club.
Hit: a) +2 mace
Press: ? - help, Dir - move target, f - you
Okay, then.
Ijyb zaps a wand.
Your mind is blasted!
Ouch! That really hurt!
* * * LOW HITPOINT WARNING * * *
Unknown command.
Ijyb zaps a wand.
Your mind is blasted!
Ouch! That really hurt!
You die...

...####.................#
....#####.....####.#....#
......# ..#######.#....#
....#..# ..........#....#
....##.# ..........#....#
...................#....#
....###............##.###
....... ...........#..#
...###. .......#@###.##
...# ...... #.###.# ####
.<... #.##..# ......
#g.†.## <.....##..###
.......#w.# ..>.>.....#
.......#### .......


You could see Ijyb and a worm.

Vanquished Creatures
  4 adders
  2 worms
  2 dart slugs
  6 ball pythons
  6 bats
  4 endoplasms
  4 giant cockroaches (D:1)
  4 goblins
  4 hobgoblins
  10 jackals
  2 quokkas
  3 frilled lizards
  8 kobolds
  4 rats
63 creatures vanquished.

Notes
Turn   | Place    | Note
-------+----------+-------------------------------------------
     0 | D:1      | Reached skill level 10 in Armour
     0 | D:1      | jamesdean20 the Gnoll Wanderer began the quest for the Orb.
     0 | D:1      | jamesdean20 set off with the following items: a +2 mace, a
                  | +0 ring mail, a scroll of teleportation
     0 | D:1      | Reached XP level 1. HP: 17/17 MP: 1/1
    84 | D:1      | Found a faded altar of an unknown god.
   240 | D:1      | Reached XP level 2. HP: 21/23 MP: 2/2
   423 | D:1      | Reached XP level 3. HP: 22/28 MP: 3/3
  1032 | D:2      | Reached skill level 1 in Invocations
  1035 | D:2      | Reached skill level 1 in Short Blades
  1035 | D:2      | Reached skill level 1 in Long Blades
  1035 | D:2      | Reached skill level 1 in Axes
  1035 | D:2      | Reached skill level 1 in Polearms
  1035 | D:2      | Reached skill level 1 in Staves
  1035 | D:2      | Reached skill level 1 in Slings
  1035 | D:2      | Reached skill level 1 in Bows
  1035 | D:2      | Reached skill level 1 in Crossbows
  1035 | D:2      | Reached skill level 1 in Throwing
  1035 | D:2      | Reached skill level 1 in Dodging
  1035 | D:2      | Reached skill level 1 in Stealth
  1035 | D:2      | Reached skill level 1 in Unarmed Combat
  1035 | D:2      | Reached skill level 1 in Spellcasting
  1091 | D:2      | Reached XP level 4. HP: 25/34 MP: 5/5
  1722 | D:3      | Reached skill level 1 in Conjurations
  1722 | D:3      | Reached skill level 1 in Hexes
  1722 | D:3      | Reached skill level 1 in Summonings
  1722 | D:3      | Reached skill level 1 in Necromancy
  1722 | D:3      | Reached skill level 1 in Translocations
  1722 | D:3      | Reached skill level 1 in Transmutations
  1722 | D:3      | Reached skill level 1 in Fire Magic
  1722 | D:3      | Reached skill level 1 in Ice Magic
  1722 | D:3      | Reached skill level 1 in Air Magic
  1722 | D:3      | Reached skill level 1 in Earth Magic
  1722 | D:3      | Reached skill level 1 in Poison Magic
  2207 | D:3      | Found a runed translucent door.
  2208 | D:3      | Noticed Crazy Yiuf
  2282 | D:3      | Noticed Ijyb
  2284 | D:3      | Reached XP level 5. HP: 40/40 MP: 6/6
  2294 | D:3      | Blown up by Ijyb

Illustrated notes

Levels and vault maps discovered:
D:1:      amcnicky_arrival_choice, layout_loops_ring,
          shapermc_ecumenical_altar_starsandcircs
D:2:      layout_basic, corexii_shack
D:3:      layout_rooms, uniq_ijyb, uniq_crazy_yiuf_cottage

Skill      XL: |  1  2  3  4 |
---------------+-------------+-----
Armour         | | 10.4
Invocations    | 1 |  1.4
Short Blades   | 1 |  1.3
Long Blades    | 1 |  1.3
Axes           | 1 |  1.3
Polearms       | 1 |  1.3
Staves         | 1 |  1.3
Slings         | 1 |  1.3
Bows           | 1 |  1.3
Crossbows      | 1 |  1.3
Throwing       | 1 |  1.3
Dodging        | 1 |  1.3
Stealth        | 1 |  1.3
Unarmed Combat | 1 |  1.3
Spellcasting   | 1 |  1.3
Conjurations   | 1 |  1.0
Hexes          | 1 |  1.0
Summonings     | 1 |  1.0
Necromancy     | 1 |  1.0
Translocations | 1 |  1.0
Transmutations | 1 |  1.0
Fire Magic     | 1 |  1.0
Ice Magic      | 1 |  1.0
Air Magic      | 1 |  1.0
Earth Magic    | 1 |  1.0
Poison Magic   | 1 |  1.0
Fighting       | |  2.8
Maces & Flails | |  4.7
Shields        | |  2.8
Evocations     | |  2.8

Action                   |  1- 3 |  4- 6 || total
-------------------------+-------+-------++-------
Melee: Mace              |    90 |    92 ||   182
       Bite              |     3 |     6 ||     9
  Use: Scroll            |       |     6 ||     6
Armor: Ring mail         |    47 |    73 ||   120
Dodge: Dodged            |    53 |    70 ||   123
